 Dungeon Sprint DCSS version 0.17-a0-1651-gae1a69f (webtiles) character file.

116964 Kidiri the Imperceptible (level 15, 0/67 (69) HPs)
             Began as a Spriggan Enchanter on Aug 14, 2015.
             Was the Champion of Dithmenos.
             Killed by vampiric draining
             ... invoked by a vampire knight
              (10 damage)
             ... in the Dungeon (Sprint III: "The Ten Rune Challenge").
             The game lasted 00:53:26 (10041 turns).

Kidiri the Imperceptible (Spriggan Enchanter)      Turns: 10041, Time: 00:53:26

HP:   0/67 (69)     AC:  9    Str:  4    XL:     15   Next: 48%
MP:   13/36         EV: 44    Int: 32    God:    Dithmenos [******]
Gold: 344           SH:  0    Dex: 27    Spells: 17 memorised, 1 level left

rFire  + . .     SeeInvis +     u - +0 rapier (vamp)
rCold  x . .     Clarity  .     b - +2 robe
rNeg   . . .     SustAt   .     (shield restricted)
rPois  +         Gourm    +     d - +2 hat
rElec  +         Spirit   .     n - +2 cloak {rPois}
rCorr  .         Warding  .     (gloves unavailable)
rMut   .         NoTele   +     (boots unavailable)
MR     ++...                    q - amulet of Trog's Envy {Gourm rElec MP-9 Int+9 Dex+3}
Stlth  ++++++++++               (no ring)
                                a - ring "Fimouly" {Fire Int+4 Dex+3 Slay+4}

@: wreathed by umbra, very quick, very resistant to hostile enchantments,
uncannily stealthy
A: unfitting armour, antennae 1, see invisible, herbivore 3, speed 3, high mp 1,
robust 1, slow metabolism 2, wild magic 1
a: Shadow Step, Shadow Form, Renounce Religion
}: 2/10 runes: serpentine, barnacled


You were in the Dungeon.
You worshipped Dithmenos.
Dithmenos was exalted by your worship.
You were not hungry.

You visited 1 branch You collected 2658 gold pieces.
You spent 2314 gold pieces at shops.

Inventory:

Hand weapons
 u - a +0 vampiric rapier (weapon)
Missiles
 k - 14 throwing nets (quivered)
Armour
 b - a +2 robe (worn)
 d - a +2 hat (worn)
 n - a +2 cloak of poison resistance (worn)
Jewellery
 a - the ring "Fimouly" (left hand) {Fire Int+4 Dex+3 Slay+4}
   (You bought it in a shop in the Dungeon)

   [ring of fire]

   It enhances your fire magic, and weakens your ice magic.
   It affects your intelligence (+4).
   It affects your dexterity (+3).
   It affects your accuracy and damage with ranged weapons and melee attacks
   (+4).
   It protects you from fire.
   It makes you vulnerable to cold.
 q - the amulet of Trog's Envy (around neck) {Gourm rElec MP-9 Int+9 Dex+3}
   (You bought it in a shop in the Dungeon)

   [amulet of the gourmand]

   It allows you to eat raw meat even when not hungry.
   It affects your intelligence (+9).
   It affects your dexterity (+3).
   It insulates you from electricity.
   It affects your magic capacity (-9).
 A - an uncursed amulet of warding
Magical devices
 e - a wand of digging (5)
 h - a wand of slowing (18)
Scrolls
 j - a scroll of blinking
 r - 3 scrolls of remove curse
 t - a scroll of recharging {unknown}
 v - a scroll of random uselessness {unknown}
 w - a scroll of vulnerability {unknown}
Potions
 f - 2 potions of brilliance
 g - a potion of haste
 i - a potion of berserk rage
 l - a potion of invisibility
 m - a potion of resistance {unknown}
 o - 4 potions of cure mutation
 p - 2 potions of flight
 s - 2 potions of curing
Books
 x - a book of Spatial Translocations

   Spells                             Type                      Level
   a - Apportation                    Translocation                1
   b - Blink                          Translocation                2
   c - Shroud of Golubria             Charms/Translocation         2
   d - Portal Projectile              Translocation                3
   e - Teleport Other                 Translocation                3
   f - Passage of Golubria            Translocation                4
 y - a book of Clouds

   Spells                             Type                      Level
   a - Mephitic Cloud                 Conjuration/Poison/Air       3
   b - Conjure Flame                  Conjuration/Fire             3
   c - Poisonous Cloud                Conjuration/Poison/Air       6
   d - Freezing Cloud                 Conjuration/Ice/Air          6
   e - Ring of Flames                 Charms/Fire                  7
 z - the Compendium of Quantum Self-Knowledge
   (You found it in the Dungeon)

   Spells                             Type                      Level
   a - Song of Slaying                Charms                       2
   b - Shroud of Golubria             Charms/Translocation         2
   c - Ozocubu's Armour               Charms/Ice                   3
   d - Warp Weapon                    Charms/Translocation         5
   e - Ring of Flames                 Charms/Fire                  7
Comestibles
 c - 26 royal jellies


   Skills:
 + Level 14.9 Short Blades
 * Level 24.4 Dodging
 * Level 26.3 Stealth
 * Level 21.4 Spellcasting
 + Level 10.8 Conjurations
 + Level 16.3 Hexes
 + Level 5.8 Charms
 + Level 5.7 Translocations
 + Level 11.7 Ice Magic
 + Level 12.2 Air Magic
 + Level 13.0 Poison Magic
 - Level 2.4 Invocations


You had one spell level left.
You knew the following spells:

 Your Spells              Type           Power        Failure   Level  Hunger
a - Corona                Hex            #######      1%          1    None
b - Ensorcelled Hibernat  Hex/Ice        ######       1%          2    None
c - Confuse               Hex            ########     1%          3    None
d - Tukima's Dance        Hex            ########     1%          3    None
e - Dazzling Spray        Conj/Hex       ########     1%          3    None
f - Cure Poison           Pois           ########..   1%          2    None
g - Mephitic Cloud        Conj/Pois/Air  ########     1%          3    None
h - Olgreb's Toxic Radia  Pois           ########     1%          4    None
i - Venom Bolt            Conj/Pois      ########..   1%          5    None
j - Blink                 Tloc           N/A          1%          2    None
k - Shroud of Golubria    Chrm/Tloc      #######...   1%          2    None
l - Portal Projectile     Tloc           ######       1%          3    None
m - Teleport Other        Tloc           #######.     1%          3    None
n - Passage of Golubria   Tloc           N/A          3%          4    None
o - Ozocubu's Armour      Chrm/Ice       ######..     1%          3    None
p - Poisonous Cloud       Conj/Pois/Air  ########..   4%          6    None
q - Freezing Cloud        Conj/Ice/Air   ######....   4%          6    None


Dungeon Overview and Level Annotations

Branches:
Dungeon (1/1)

Altars:
Cheibriados
Dithmenos
Elyvilon
Fedhas
Gozag
Kikubaaqudgha
Makhleb
Nemelex Xobeh
Okawaru
Qazlal
Ru
Sif Muna
Trog
Vehumet
Xom
Yredelemnul
Zin
The Shining One
Jiyva
Lugonu

Shops:
D !=([%?(:}}[%?(%:[}?!=(*=

Annotations:
D exclusion: Roxanne, Roxanne


Innate Abilities, Weirdness & Mutations

You are tiny and cannot use many weapons and most armour.
You have supernaturally acute eyesight.
You are a herbivore.
You cover ground extremely quickly.
You need consume almost no food.
You have a pair of small antennae on your head.
You have an increased reservoir of magic (+10% MP).
You are robust (+10% HP).
Your spells are a little harder to cast, but a little more powerful.


Message History

Press: ? - help, Shift-Dir - straight line, f/p - vampire knight
Aim: a vampire knight, wearing a plate armour (black smoke, severely damaged, fast, umbra)
The spray of energy hits the vampire knight.
The vampire knight is almost destroyed.
The vampire knight completely misses you. x2
Your great sword barely misses the vampire knight.
The vampire knight hits you!!
* * * LOW HITPOINT WARNING * * *
You emit a cloud of dark smoke.
The vampire knight completely misses you.
Your great sword barely misses the vampire knight.
Casting: Dazzling Spray
Confirm with . or Enter, or press ? or * to list all spells.
Aiming: Dazzling Spray
Press: ? - help, Shift-Dir - straight line, f/p - vampire knight
Aim: a vampire knight, wearing a plate armour (black smoke, almost destroyed, fast, umbra)
The spray of energy hits the vampire knight.
The vampire knight is almost destroyed.
The vampire knight is infused with unholy energy.
You die...

.∩▓#########§#......#############
.∩▓#.#.#.#.#§.......#(#.#.#)#.#)#
.[▓#................#+#+#+#+#'#+#
▓▓▓#................#.....^.^[)^.
###'##############^^...^^[)..^
##...##{#≈§≈§≈≈###+#+#+#'#'#+#
{{##.....## #§§≈P≈#.#)#.#)#.#)#.#
###.......###§§§P§#§▓+▓▓▓▓▓▓▓▓▓▓▓
..'.......+...§§@V§§▓..#^........
###.......#####§P(#§▓..#^..^^....
≈≈##.....##^^.##P§#.▓..#..#######
#+###...###.#..##'##▓..#..# { #.#
##+####.##.##...▓.^#..#{
#####.≈≈≈'#.##.####.▓^.#^.#
.'∩∩#.≈≈.#.^##......▓..#..# {{
##∩∩#.≈≈.#######+###▓.^#^^#+#####
##..#..≈.#{{ {▓..#^.#..^.^.


You could see a vampire knight and a friendly great sword.

Vanquished Creatures
  Mara (D)
  Frederick (D)
  A lich (D)
  3 bone dragons (D)
  Rupert (D)
  Gastronok (D)
  Chuck (D)
  2 sphinxes (D)
  Dowan (D)
  2 shadow dragons (D)
  Ilsuiw (D)
  A greater naga (D)
  3 vampire knights (D)
  2 dire elephants (D)
  A merfolk javelineer (D)
  3 mummy priests (D)
  A fire dragon (D)
  Erolcha (D)
  An ogre mage (D)
  2 yaktaur captains (D)
  A naga warrior (D)
  2 hydras (D)
  A centaur warrior (D)
  2 anacondas (D)
  4 death yaks (D)
  4 dancing weapons (D)
  A shadow wraith (D)
  4 skeletal warriors (D)
  A sea snake (D)
  A death drake (D)
  A spriggan druid (D)
  2 deep elf summoners (D)
  An obsidian statue (D)
  A spectral iron dragon (D)
  A lindwurm (D)
  2 ugly things (D)
  A hornet (D)
  A deep elf conjurer (D)
  4 crystal guardians (D)
  2 oklob plants (D)
  A guardian serpent (D)
  A water nymph (shapeshifter) (D)
  10 black mambas (D)
  2 elephants (D)
  An elephant (shapeshifter) (D)
  A molten gargoyle (D)
  4 statues (D)
  Duvessa (D)
  An orange crystal statue (D)
  2 yaktaurs (D)
  A komodo dragon (D)
  2 spiny frogs (D)
  A fire drake (D)
  7 guardian mummies (D)
  11 slime creatures (D)
  3 deep elf priests (D)
  4 spriggan defenders (D)
  A queen bee (D)
  5 orc high priests (D)
  8 blink frogs (D)
  2 trapdoor spiders (D)
  4 redbacks (D)
  A shadow (D)
  2 spriggans (D)
  3 wandering mushrooms (D)
  2 iron troll simulacra (D)
  2 hill giants (D)
  2 nagas (D)
  A spatial vortex (D)
  2 water moccasins (D)
  5 orc warriors (D)
  2 wasps (D)
  A swamp drake (D)
  A necrophage (D)
  2 brain worms (D)
  3 two-headed ogres (D)
  A water elemental (D)
  32 killer bees (D)
  A jelly (D)
  An orc priest (D)
  An orc wizard (D)
  Jessica (D)
  A wizard (D)
  2 necromancers (D)
  3 sheep (D)
  3 humans (D)
  A kobold demonologist (D)
  4 adders (D)
  2 oozes (D)
  A phantom (D)
  An adder simulacrum (D)
  10 orcs (D)
  3 bat zombies (D)
  A ball python zombie (D)
  A quokka zombie (D)
  A rat (D)
  2 plants (D)
242 creatures vanquished.

Vanquished Creatures (collateral kills)
  Maud (D)
  A vampire knight (D)
2 creatures vanquished.

Vanquished Creatures (others)
  Polyphemus (D)
  2 draconian scorchers (D)
  2 yaktaurs (D)
  An electric eel (D)
  2 bushes (D)
  2 plants (D)
10 creatures vanquished.

Grand Total: 254 creatures vanquished

Notes
Turn   | Place    | Note
--------------------------------------------------------------
     0 | D        | Kidiri the Spriggan Enchanter began the quest for the Orb.
     0 | D        | Reached XP level 1. HP: 9/9 MP: 5/5
     9 | D        | Reached skill level 5 in Stealth
    11 | D        | Reached XP level 2. HP: 13/13 MP: 5/7
    26 | D        | Noticed Jessica
    33 | D        | Killed a yaktaur
    40 | D        | Killed Jessica
    40 | D        | Reached skill level 5 in Dodging
    40 | D        | Reached skill level 6 in Stealth
    40 | D        | Reached XP level 3. HP: 16/16 MP: 7/10
    46 | D        | Learned a level 2 spell: Ensorcelled Hibernation
    50 | D        | Learned a level 3 spell: Confuse
    54 | D        | Learned a level 3 spell: Tukima's Dance
    84 | D        | Reached skill level 7 in Stealth
    84 | D        | Reached skill level 5 in Spellcasting
    89 | D        | Learned a level 3 spell: Dazzling Spray
    89 | D        | Killed a yaktaur
   108 | D        | Gained mutation: You heal slowly when monsters are visible. [potion of mutation]
   108 | D        | Gained mutation: You are clumsy. (Dex -2) [potion of mutation]
   108 | D        | Gained mutation: Your spells are a little harder to cast, but a little more powerful. [potion of mutation]
   109 | D        | Lost mutation: You are clumsy. (Dex -2) [potion of cure mutation]
   109 | D        | Lost mutation: You heal slowly when monsters are visible. [potion of cure mutation]
   110 | D        | Gained mutation: You have an increased reservoir of magic (+10% MP). [potion of mutation]
   110 | D        | Gained mutation: You are robust (+10% HP). [potion of mutation]
   110 | D        | Gained mutation: You have a pair of small antennae on your head. [potion of mutation]
   188 | D        | Killed a white draconian scorcher
   209 | D        | Killed a white draconian scorcher
   334 | D        | Noticed a water elemental
   336 | D        | Killed a water elemental
   336 | D        | Reached skill level 8 in Stealth
   336 | D        | Reached skill level 1 in Conjurations
   336 | D        | Reached skill level 5 in Hexes
   336 | D        | Reached skill level 1 in Ice Magic
   336 | D        | Reached XP level 4. HP: 23/23 MP: 12/14
   348 | D        | Noticed a jelly
   349 | D        | Noticed a shadow
   351 | D        | Killed a shadow
   351 | D        | Reached skill level 9 in Stealth
   351 | D        | Reached XP level 5. HP: 26/26 MP: 14/17
   353 | D        | Killed a jelly
   353 | D        | Reached skill level 10 in Stealth
   353 | D        | Reached XP level 6. HP: 30/30 MP: 13/19
   390 | D        | Found a stormy altar of Qazlal.
   390 | D        | Found a sacrificial altar of Ru.
   390 | D        | Found a burning altar of Makhleb.
   390 | D        | Found a shimmering altar of Xom.
   390 | D        | Noticed a spatial vortex
   391 | D        | Found a viscous altar of Jiyva.
   391 | D        | Found a shadowy altar of Dithmenos.
   391 | D        | Found a sparkling altar of Nemelex Xobeh.
   391 | D        | Found a corrupted altar of Lugonu.
   391 | D        | Found an opulent altar of Gozag.
   395 | D        | Became a worshipper of Dithmenos the Shadowed
   401 | D        | Killed a spatial vortex
   401 | D        | Reached skill level 5 in Short Blades
   427 | D        | Found a radiant altar of Vehumet.
   428 | D        | Found a deep blue altar of Sif Muna.
   428 | D        | Found an ancient bone altar of Kikubaaqudgha.
   428 | D        | Noticed a wizard
   429 | D        | Noticed a smoke demon
   430 | D        | Killed a wizard
   430 | D        | Reached skill level 11 in Stealth
   437 | D        | Noticed a ynoxinul
   447 | D        | Learned a level 2 spell: Cure Poison
   451 | D        | Learned a level 3 spell: Mephitic Cloud
   456 | D        | Learned a level 4 spell: Olgreb's Toxic Radiance
   692 | D        | Found a glowing silver altar of Zin.
   693 | D        | Found a glowing golden altar of the Shining One.
   693 | D        | Found a white marble altar of Elyvilon.
   693 | D        | Noticed a deep elf priest
   695 | D        | Killed a deep elf priest
   695 | D        | Reached skill level 10 in Dodging
   695 | D        | Reached skill level 1 in Air Magic
   695 | D        | Reached skill level 1 in Poison Magic
   695 | D        | Reached skill level 1 in Invocations
   695 | D        | Reached XP level 7. HP: 35/35 MP: 22/22
   707 | D        | Found an iron altar of Okawaru.
   708 | D        | Found a bloodstained altar of Trog.
   708 | D        | Noticed a human
   708 | D        | Noticed a human
   717 | D        | Killed a human
   717 | D        | Reached skill level 12 in Stealth
   723 | D        | Killed a human
   877 | D        | Found a snail-covered altar of Cheibriados.
   877 | D        | Noticed a necrophage
   878 | D        | Found a basalt altar of Yredelemnul.
   878 | D        | Found a blossoming altar of Fedhas.
   878 | D        | Noticed a necromancer
   879 | D        | Killed a necrophage
   879 | D        | Acquired Dithmenos's first power
   880 | D        | Killed a necromancer
   880 | D        | Reached XP level 8. HP: 39/39 MP: 25/25
   891 | D        | Learned a level 5 spell: Venom Bolt
   950 | D        | Noticed a two-headed ogre
   950 | D        | Noticed a two-headed ogre
   957 | D        | Killed a two-headed ogre
   958 | D        | Noticed a two-headed ogre
   967 | D        | Killed a two-headed ogre
   967 | D        | Reached skill level 10 in Spellcasting
   973 | D        | Killed a two-headed ogre
   973 | D        | Acquired Dithmenos's second power
   975 | D        | Killed an electric eel
  1078 | D        | Noticed a hill giant
  1081 | D        | Killed a hill giant
  1087 | D        | Noticed a hill giant
  1087 | D        | Noticed Erolcha
  1089 | D        | Killed Erolcha
  1089 | D        | Reached skill level 13 in Stealth
  1089 | D        | Reached XP level 9. HP: 42/42 MP: 25/27
  1090 | D        | Killed a hill giant
  1102 | D        | Noticed a redback
  1104 | D        | Noticed a trapdoor spider
  1105 | D        | Killed a trapdoor spider
  1105 | D        | Reached skill level 14 in Stealth
  1131 | D        | Killed a redback
  1131 | D        | Acquired Dithmenos's third power
  1131 | D        | Reached skill level 5 in Ice Magic
  1133 | D        | Noticed a trapdoor spider
  1138 | D        | Killed a trapdoor spider
  1363 | D        | Noticed a killer bee
  1363 | D        | Noticed a killer bee
  1363 | D        | Noticed a killer bee
  1363 | D        | Noticed a killer bee
  1363 | D        | Noticed a killer bee
  1363 | D        | Noticed a killer bee
  1363 | D        | Noticed a killer bee
  1363 | D        | Noticed a killer bee
  1363 | D        | Noticed a killer bee
  1363 | D        | Noticed a killer bee
  1363 | D        | Noticed a killer bee
  1363 | D        | Noticed a killer bee
  1363 | D        | Noticed a killer bee
  1363 | D        | Noticed a killer bee
  1363 | D        | Noticed a killer bee
  1364 | D        | Noticed a killer bee
  1365 | D        | Noticed a killer bee
  1365 | D        | Killed a killer bee
  1366 | D        | Noticed a killer bee
  1367 | D        | Noticed a killer bee
  1367 | D        | Noticed a killer bee
  1368 | D        | Noticed a killer bee
  1368 | D        | Noticed a killer bee
  1368 | D        | Noticed a killer bee
  1368 | D        | Noticed a queen bee
  1368 | D        | Noticed a killer bee
  1368 | D        | Killed a killer bee
  1368 | D        | Killed a killer bee
  1369 | D        | Noticed a killer bee
  1369 | D        | Noticed a killer bee
  1370 | D        | Killed a killer bee
  1370 | D        | Killed a killer bee
  1370 | D        | Killed a killer bee
  1370 | D        | Acquired Dithmenos's fourth power
  1371 | D        | Noticed a killer bee
  1371 | D        | Killed a killer bee
  1371 | D        | Killed a killer bee
  1371 | D        | Killed a killer bee
  1371 | D        | Killed a killer bee
  1371 | D        | Killed a killer bee
  1373 | D        | Killed a killer bee
  1373 | D        | Killed a killer bee
  1373 | D        | Killed a killer bee
  1373 | D        | Killed a killer bee
  1373 | D        | Reached skill level 15 in Stealth
  1374 | D        | Noticed a killer bee
  1375 | D        | Noticed a killer bee
  1375 | D        | Noticed a killer bee
  1377 | D        | Killed a killer bee
  1379 | D        | Killed a killer bee
  1379 | D        | Killed a killer bee
  1379 | D        | Killed a killer bee
  1380 | D        | Noticed a killer bee
  1380 | D        | Killed a killer bee
  1380 | D        | Killed a killer bee
  1380 | D        | Killed a killer bee
  1380 | D        | Killed a killer bee
  1381 | D        | Killed a killer bee
  1382 | D        | Noticed a killer bee
  1384 | D        | Killed a killer bee
  1385 | D        | Killed a killer bee
  1385 | D        | Reached skill level 5 in Poison Magic
  1386 | D        | Killed a killer bee
  1386 | D        | Reached XP level 10. HP: 29/48 MP: 14/29
  1386 | D        | Killed a killer bee
  1386 | D        | Killed a queen bee
  1386 | D        | Reached skill level 5 in Conjurations
  1393 | D        | Killed a killer bee
  1394 | D        | Killed a killer bee
  1399 | D        | Killed a killer bee
  1401 | D        | Killed a killer bee
  1486 | D        | Noticed a wandering mushroom
  1560 | D        | Noticed a wandering mushroom
  1560 | D        | Noticed a wandering mushroom
  1563 | D        | Killed a wandering mushroom
  1563 | D        | Reached skill level 5 in Air Magic
  1565 | D        | Killed a wandering mushroom
  1566 | D        | Killed a wandering mushroom
  1627 | D        | Noticed a spiny frog
  1627 | D        | Noticed a komodo dragon
  1627 | D        | Noticed a spiny frog
  1632 | D        | Killed a spiny frog
  1635 | D        | Killed a komodo dragon
  1635 | D        | Reached skill level 16 in Stealth
  1636 | D        | Killed a spiny frog
  1705 | D        | Noticed a redback
  1707 | D        | Killed a redback
  1708 | D        | Noticed a brain worm
  1712 | D        | Killed a brain worm
  1715 | D        | Noticed a brain worm
  1717 | D        | Killed a brain worm
  1723 | D        | Noticed a lindwurm
  1725 | D        | Noticed a redback
  1726 | D        | Killed a lindwurm
  1726 | D        | Reached skill level 15 in Dodging
  1726 | D        | Reached skill level 10 in Hexes
  1728 | D        | Killed a redback
  1734 | D        | Noticed a redback
  1735 | D        | Killed a redback
  1736 | D        | Noticed Maud
  1753 | D        | Killed Maud
  1792 | D        | Noticed a seven-headed hydra
  1792 | D        | Noticed a four-headed hydra
  1794 | D        | Killed a seven-headed hydra
  1794 | D        | Reached skill level 17 in Stealth
  1794 | D        | Reached XP level 11. HP: 51/51 MP: 27/32
  1795 | D        | Killed a four-headed hydra
  1810 | D        | Noticed a death drake
  1813 | D        | Killed a death drake
  1822 | D        | Found a blossoming altar of Fedhas.
  1822 | D        | Noticed a spriggan
  1822 | D        | Noticed a spriggan druid
  1822 | D        | Noticed a spriggan
  1824 | D        | Killed a spriggan druid
  1825 | D        | Killed a spriggan
  1826 | D        | Killed a spriggan
  1848 | D        | Noticed Polyphemus
  1853 | D        | Noticed a sea snake
  1853 | D        | Noticed Ilsuiw
  1858 | D        | Killed a sea snake
  1942 | D        | Killed Polyphemus
  2030 | D        | Found Volucal's Magic Scroll Emporium.
  2038 | D        | Found Leifi's Antique Weapon Shop.
  2039 | D        | Found Pigekip's Book Shoppe.
  2040 | D        | Noticed a merfolk javelineer
  2042 | D        | Killed a merfolk javelineer
  2042 | D        | Reached skill level 18 in Stealth
  2058 | D        | Killed Ilsuiw
  2058 | D        | Reached skill level 10 in Short Blades
  2095 | D        | Got a barnacled rune of Zot
  2179 | D        | Noticed a swamp drake
  2179 | D        | Noticed a fire drake
  2180 | D        | Killed a fire drake
  2182 | D        | Killed a swamp drake
  2188 | D        | Noticed a blink frog
  2189 | D        | Noticed a blink frog
  2189 | D        | Noticed a blink frog
  2189 | D        | Noticed a blink frog
  2189 | D        | Noticed a blink frog
  2195 | D        | Killed a blink frog
  2197 | D        | Killed a blink frog
  2199 | D        | Killed a blink frog
  2208 | D        | Killed a blink frog
  2209 | D        | Killed a blink frog
  2295 | D        | Noticed Rupert
  2297 | D        | Killed Rupert
  2297 | D        | Reached skill level 19 in Stealth
  2297 | D        | Reached skill level 15 in Spellcasting
  2297 | D        | Reached XP level 12. HP: 56/56 MP: 29/35
  2325 | D        | Noticed a death yak
  2326 | D        | Noticed a death yak
  2326 | D        | Noticed a blink frog
  2327 | D        | Killed a death yak
  2328 | D        | Noticed an azure jelly
  2328 | D        | Noticed a death yak
  2328 | D        | Noticed an azure jelly
  2328 | D        | Noticed a blink frog
  2328 | D        | Noticed a death yak
  2329 | D        | Killed a death yak
  2330 | D        | Killed a blink frog
  2331 | D        | Noticed a blink frog
  2331 | D        | Noticed a black mamba
  2332 | D        | Killed a death yak
  2333 | D        | Noticed a black mamba
  2334 | D        | Killed a death yak
  2335 | D        | Killed a blink frog
  2336 | D        | Killed a blink frog
  2342 | D        | Killed a black mamba
  2343 | D        | Killed a black mamba
  2369 | D        | Noticed a black mamba
  2369 | D        | Noticed a black mamba
  2369 | D        | Noticed an anaconda
  2371 | D        | Killed a black mamba
  2372 | D        | Noticed an anaconda
  2381 | D        | Killed an anaconda
  2383 | D        | Killed an anaconda
  2383 | D        | Reached skill level 20 in Stealth
  2387 | D        | Killed a black mamba
  2653 | D        | Noticed a black mamba
  2653 | D        | Noticed a black mamba
  2653 | D        | Noticed a black mamba
  2653 | D        | Noticed a black mamba
  2655 | D        | Killed a black mamba
  2663 | D        | Killed a black mamba
  2665 | D        | Killed a black mamba
  2667 | D        | Killed a black mamba
  2777 | D        | Noticed a water moccasin
  2777 | D        | Noticed a black mamba
  2777 | D        | Noticed a black mamba
  2777 | D        | Noticed a water moccasin
  2779 | D        | Killed a black mamba
  2781 | D        | Killed a black mamba
  2786 | D        | Killed a water moccasin
  2789 | D        | Killed a water moccasin
  2902 | D        | Noticed a naga
  2902 | D        | Noticed a naga
  2903 | D        | Noticed a naga warrior
  2903 | D        | Noticed a greater naga
  2903 | D        | Found Solos's Distillery.
  2903 | D        | Found Zocrid's Jewellery Emporium.
  2903 | D        | Found Pemun's Antique Weapon Shop.
  2904 | D        | Killed a naga
  2905 | D        | Killed a naga
  2907 | D        | Killed a naga warrior
  2908 | D        | Killed a greater naga
  2923 | D        | Noticed a guardian serpent
  2926 | D        | Killed a guardian serpent
  2930 | D        | Got a serpentine rune of Zot
  3007 | D        | Noticed an azure jelly
  3007 | D        | Noticed an azure jelly
  3008 | D        | Noticed an elephant
  3008 | D        | Noticed an elephant
  3008 | D        | Noticed a dire elephant
  3008 | D        | Noticed a dire elephant
  3008 | D        | Noticed Gastronok
  3016 | D        | Killed an elephant
  3022 | D        | Killed Gastronok
  3022 | D        | Reached XP level 13. HP: 24/60 MP: 2/38
  3025 | D        | Killed a dire elephant
  3025 | D        | Reached skill level 21 in Stealth
  3030 | D        | Killed an elephant
  3438 | D        | Killed a dire elephant
  3906 | D        | Noticed Dowan
  3906 | D        | Noticed Duvessa
  3908 | D        | Killed Dowan
  3934 | D        | Killed Duvessa
  3953 | D        | Noticed an orc high priest
  3953 | D        | Noticed an orc high priest
  3954 | D        | Noticed an orc high priest
  3954 | D        | Noticed an orc high priest
  3955 | D        | Killed an orc high priest
  3956 | D        | Killed an orc high priest
  3958 | D        | Killed an orc high priest
  3959 | D        | Killed an orc high priest
  4255 | D        | Noticed a yaktaur
  4255 | D        | Noticed a yaktaur captain
  4255 | D        | Noticed a yaktaur
  4256 | D        | Killed a yaktaur
  4258 | D        | Killed a yaktaur captain
  4258 | D        | Reached skill level 10 in Poison Magic
  4268 | D        | Killed a yaktaur
  4298 | D        | Noticed a spriggan defender
  4299 | D        | Noticed a spriggan defender
  4299 | D        | Noticed a spriggan defender
  4299 | D        | Noticed a spriggan defender
  4300 | D        | Killed a spriggan defender
  4301 | D        | Killed a spriggan defender
  4303 | D        | Killed a spriggan defender
  4304 | D        | Killed a spriggan defender
  4440 | D        | Noticed a fire dragon
  4443 | D        | Killed a fire dragon
  4454 | D        | Noticed a centaur warrior
  4454 | D        | Noticed a slime creature
  4456 | D        | Killed a slime creature
  4459 | D        | Killed a centaur warrior
  4479 | D        | Noticed a slime creature
  4481 | D        | Killed a slime creature
  4495 | D        | Noticed a vampiric hand axe
  4495 | D        | Noticed a flail of draining
  4496 | D        | Noticed a glaive of protection
  4497 | D        | Noticed a mace of holy wrath
  4498 | D        | Killed a glaive of protection
  4498 | D        | Reached skill level 22 in Stealth
  4500 | D        | Killed a vampiric hand axe
  4502 | D        | Killed a mace of holy wrath
  4516 | D        | Killed a flail of draining
  4739 | D        | Got an iridescent falchion
  4740 | D        | Identified the +1 falchion of the Wolf {pain, rElec rN+} (You found it in the Dungeon)
  4767 | D        | Noticed a slime creature
  4768 | D        | Noticed a water nymph
  4768 | D        | Noticed a yaktaur captain
  4769 | D        | Killed a slime creature
  4771 | D        | Killed a water nymph
  4856 | D        | Killed a yaktaur captain
  5062 | D        | Noticed Chuck
  5062 | D        | Noticed a slime creature
  5073 | D        | Noticed a slime creature
  5106 | D        | Killed a slime creature
  5175 | D        | Killed Chuck
  5175 | D        | Reached skill level 10 in Air Magic
  5177 | D        | Killed a slime creature
  5383 | D        | Noticed Frederick
  5481 | D        | Noticed an orc high priest
  5481 | D        | Noticed an orc priest
  5482 | D        | Noticed an orc warrior
  5482 | D        | Noticed an orc warrior
  5482 | D        | Noticed an orc warrior
  5482 | D        | Noticed an orc warrior
  5483 | D        | Noticed an orc warrior
  5483 | D        | Noticed an orc wizard
  5483 | D        | Found Qiwko's Antique Armour Shop.
  5490 | D        | Killed an orc priest
  5491 | D        | Killed an orc high priest
  5492 | D        | Killed an orc warrior
  5492 | D        | Killed an orc warrior
  5492 | D        | Killed an orc warrior
  5493 | D        | Killed an orc warrior
  5493 | D        | Killed an orc wizard
  5499 | D        | Killed an orc warrior
  5575 | D        | Bought a runed cloak for 130 gold pieces
  5601 | D        | Noticed a deep elf summoner
  5601 | D        | Noticed a deep elf summoner
  5601 | D        | Noticed a deep elf priest
  5601 | D        | Noticed a deep elf conjurer
  5601 | D        | Noticed a deep elf priest
  5607 | D        | Noticed a deep elf annihilator
  5608 | D        | Killed a deep elf summoner
  5610 | D        | Noticed a deep elf demonologist
  5612 | D        | Killed a deep elf conjurer
  5615 | D        | Killed a deep elf priest
  5619 | D        | Killed a deep elf priest
  5702 | D        | Killed a deep elf summoner
  5717 | D        | Noticed a deep elf demonologist
  5718 | D        | Noticed a deep elf demonologist
  5720 | D        | Noticed a deep elf death mage
  5743 | D        | Noticed a deep elf blademaster
  5745 | D        | Noticed a deep elf death mage
  6068 | D        | Bought the ring "Fimouly" {Fire Int+4 Dex+3 Slay+4} for 635 gold pieces
  6219 | D        | Noticed an orange crystal statue
  6229 | D        | Killed an orange crystal statue
  6399 | D        | Found Baent's Gadget Emporium.
  6399 | D        | Found Siphen's Distillery.
  6399 | D        | Found Foxtuisk's Book Boutique.
  6399 | D        | Found Ceagacou's Jewellery Shoppe.
  6399 | D        | Found Liuned's Antique Armour Boutique.
  6399 | D        | Found Tuovad's Magic Scroll Emporium.
  6399 | D        | Found Gozusimp's Food Shoppe.
  6399 | D        | Found Waom's Assorted Antiques.
  6399 | D        | Found Viap's Antique Weapon Shop.
  6399 | D        | Found Banag's Antique Weapon Emporium.
  6399 | D        | Found Qyskace's Magic Scroll Emporium.
  6399 | D        | Found Vinimog's Jewellery Boutique.
  6425 | D        | Bought the amulet of Trog's Envy {Gourm rElec MP-9 Int+9 Dex+3} for 899 gold pieces
  6763 | D        | Noticed a necromancer
  6765 | D        | Killed a necromancer
  6765 | D        | Reached XP level 14. HP: 64/64 MP: 32/41
  6782 | D        | Noticed a bone dragon
  6794 | D        | Killed a bone dragon
  6794 | D        | Reached skill level 23 in Stealth
  6794 | D        | Reached skill level 10 in Ice Magic
  6801 | D        | Noticed a bone dragon
  6803 | D        | Killed a bone dragon
  6936 | D        | Noticed a guardian mummy
  6938 | D        | Killed a guardian mummy
  6962 | D        | Noticed a vampire knight
  6968 | D        | Killed a vampire knight
  6974 | D        | Noticed a vampire knight
  6990 | D        | Killed a vampire knight
  7130 | D        | Noticed a skeletal warrior
  7132 | D        | Killed a skeletal warrior
  7145 | D        | Noticed a vampire knight
  7163 | D        | Killed a vampire knight
  7215 | D        | Noticed a guardian mummy
  7217 | D        | Killed a guardian mummy
  7221 | D        | Noticed a bone dragon
  7223 | D        | Killed a bone dragon
  7297 | D        | Noticed a skeletal warrior
  7299 | D        | Killed a skeletal warrior
  7299 | D        | Reached skill level 24 in Stealth
  7335 | D        | Noticed a sphinx
  7335 | D        | Noticed a sphinx
  7336 | D        | Noticed a guardian mummy
  7337 | D        | Killed a sphinx
  7338 | D        | Killed a sphinx
  7338 | D        | Reached skill level 15 in Hexes
  7341 | D        | Killed a guardian mummy
  7487 | D        | Noticed a mummy priest
  7488 | D        | Noticed a guardian mummy
  7489 | D        | Killed a mummy priest
  7897 | D        | Killed a guardian mummy
  7919 | D        | Noticed a guardian mummy
  7921 | D        | Noticed a guardian mummy
  7922 | D        | Killed a guardian mummy
  7923 | D        | Noticed a guardian mummy
  7923 | D        | Noticed a mummy priest
  7924 | D        | Killed a guardian mummy
  7926 | D        | Killed a mummy priest
  7930 | D        | Killed a guardian mummy
  8209 | D        | Killed Frederick
  8209 | D        | Reached skill level 10 in Conjurations
  8229 | D        | Noticed an elephant
  8231 | D        | Killed an elephant
  8243 | D        | Noticed a lich
  8243 | D        | Noticed a green ugly thing
  8245 | D        | Killed a lich
  8245 | D        | Reached skill level 25 in Stealth
  8247 | D        | Killed a green ugly thing
  8259 | D        | Noticed a slime creature
  8259 | D        | Noticed a cyan ugly thing
  8261 | D        | Killed a cyan ugly thing
  8262 | D        | Noticed a shadow dragon
  8262 | D        | Noticed an ogre mage
  8262 | D        | Noticed a shadow dragon
  8264 | D        | Killed a shadow dragon
  8265 | D        | Killed a shadow dragon
  8265 | D        | Reached XP level 15. HP: 67/67 MP: 32/44
  8266 | D        | Killed an ogre mage
  8277 | D        | Killed a slime creature
  8337 | D        | Noticed an obsidian statue
  8337 | D        | Noticed a slime creature
  8339 | D        | Killed a slime creature
  8346 | D        | Killed an obsidian statue
  8536 | D        | Noticed a shadow dragon
  8536 | D        | Noticed a vault guard
  8536 | D        | Noticed a vault guard
  8536 | D        | Noticed a white ugly thing
  8536 | D        | Noticed a shadow dragon
  8536 | D        | Noticed a vault guard
  8536 | D        | Noticed a vault guard
  8536 | D        | Noticed a shadow dragon
  8536 | D        | Noticed a vault guard
  8536 | D        | Noticed a vault guard
  8536 | D        | Noticed a golden dragon
  8536 | D        | Noticed a vault guard
  8536 | D        | Noticed a vault guard
  8536 | D        | Noticed a golden dragon
  8536 | D        | Noticed a vault guard
  8536 | D        | Noticed a vault guard
  8536 | D        | Noticed a quicksilver dragon
  8536 | D        | Noticed a vault guard
  8536 | D        | Noticed a golden dragon
  8537 | D        | Noticed a skeletal warrior
  8537 | D        | Noticed a vault guard
  8750 | D        | Bought a book of Spatial Translocations for 650 gold pieces
  8753 | D        | Learned a level 2 spell: Blink
  8756 | D        | Learned a level 2 spell: Shroud of Golubria
  8760 | D        | Learned a level 3 spell: Portal Projectile
  8764 | D        | Learned a level 3 spell: Teleport Other
  8769 | D        | Learned a level 4 spell: Passage of Golubria
  8945 | D        | Identified the Compendium of Quantum Self-Knowledge
  9063 | D        | Learned a level 3 spell: Ozocubu's Armour
  9070 | D        | Learned a level 6 spell: Poisonous Cloud
  9077 | D        | Learned a level 6 spell: Freezing Cloud
  9126 | D        | Noticed a crystal guardian
  9126 | D        | Noticed a crystal guardian
  9126 | D        | Noticed a crystal guardian
  9126 | D        | Noticed a crystal guardian
  9127 | D        | Killed a crystal guardian
  9129 | D        | Killed a crystal guardian
  9129 | D        | Reached skill level 1 in Charms
  9131 | D        | Killed a crystal guardian
  9131 | D        | Reached skill level 1 in Translocations
  9133 | D        | Killed a crystal guardian
  9182 | D        | Noticed a fire elementalist statue
  9182 | D        | Noticed an earth elementalist statue
  9185 | D        | Killed a fire elementalist statue
  9227 | D        | Noticed a water elementalist statue
  9227 | D        | Noticed an air elementalist statue
  9231 | D        | Killed a water elementalist statue
  9285 | D        | Killed an air elementalist statue
  9489 | D        | Killed an earth elementalist statue
  9593 | D        | Noticed a spectral iron dragon
  9595 | D        | Killed a spectral iron dragon
  9599 | D        | Noticed an iron troll simulacrum
  9601 | D        | Killed an iron troll simulacrum
  9618 | D        | Found Asoell's Gadget Emporium.
  9618 | D        | Found Ohuryzim's Armour Shop.
  9618 | D        | Found Tivva's Gadget Shop.
  9618 | D        | Found Famov's Food Shoppe.
  9618 | D        | Noticed an oklob plant
  9619 | D        | Noticed an oklob plant
  9620 | D        | Killed an oklob plant
  9621 | D        | Killed an oklob plant
  9627 | D        | Noticed Roxanne
  9630 | D        | Noticed a shadow wraith
  9630 | D        | Noticed a skeletal warrior
  9630 | D        | Noticed a mummy priest
  9638 | D        | Found Diutargh's Food Boutique.
  9638 | D        | Noticed an iron troll simulacrum
  9642 | D        | Killed an iron troll simulacrum
  9662 | D        | Noticed a wasp
  9665 | D        | Killed a wasp
  9667 | D        | Noticed a hornet
  9668 | D        | Killed a hornet
  9677 | D        | Noticed a wasp
  9679 | D        | Killed a wasp
  9699 | D        | Noticed a skeletal warrior
  9700 | D        | Killed a mummy priest
  9710 | D        | Killed a shadow wraith
  9717 | D        | Killed a skeletal warrior
  9719 | D        | Killed a skeletal warrior
  9999 | D        | Noticed a large slime creature
  9999 | D        | Noticed a slime creature
  9999 | D        | Noticed a slime creature
  9999 | D        | Noticed a slime creature
 10000 | D        | Killed a slime creature
 10002 | D        | Killed a large slime creature
 10004 | D        | Killed a slime creature
 10006 | D        | Killed a slime creature
 10026 | D        | Noticed a molten gargoyle
 10027 | D        | Noticed a vampire knight
 10027 | D        | Noticed Mara
 10027 | D        | Noticed a vampire knight
 10028 | D        | Killed a molten gargoyle
 10030 | D        | Killed Mara
 10030 | D        | Reached skill level 26 in Stealth
 10030 | D        | Reached skill level 5 in Charms
 10030 | D        | Reached skill level 5 in Translocations
 10033 | D        | Killed a vampire knight
 10041 | D        | Killed from afar by a vampire knight

Vault maps used:
D:        dungeon_sprint_mu

Action                   |  1- 3 |  4- 6 |  7- 9 | 10-12 | 13-15 || total
-------------------------+-------+-------+-------+-------+-------++-------
Melee: Dagger            |    16 |     4 |    45 |   104 |   267 ||   436
       Rapier            |       |       |       |       |   173 ||   173
 Cast: Corona            |     1 |       |       |       |       ||     1
       Ensorcelled Hiber |     1 |     2 |     9 |    28 |    16 ||    56
       Confuse           |     1 |       |     5 |     5 |    26 ||    37
       Dazzling Spray    |       |     8 |       |    11 |    67 ||    86
       Mephitic Cloud    |       |       |     1 |     6 |     7 ||    14
       Cure Poison       |       |       |     4 |     4 |     4 ||    12
       Olgreb's Toxic Ra |       |       |     2 |     3 |     4 ||     9
       Tukima's Dance    |       |       |       |     1 |     7 ||     8
       Venom Bolt        |       |       |       |     4 |     8 ||    12
       Passage of Golubr |       |       |       |       |     3 ||     3
       Freezing Cloud    |       |       |       |       |     2 ||     2
Invok: Shadow Step       |       |       |     1 |    13 |    21 ||    35
  Use: Scroll            |     4 |       |       |       |     1 ||     5
       Potion            |     3 |     3 |       |     1 |     4 ||    11
 Stab: Sleeping          |     6 |     4 |    10 |    53 |    71 ||   144
       Confused          |       |       |     7 |     3 |    15 ||    25
       Invisible         |       |       |       |     1 |     4 ||     5
       Distracted        |       |       |       |     1 |     2 ||     3
       Held in net/web   |       |       |       |       |     1 ||     1
  Eat: Bread ration      |       |       |       |     1 |       ||     1
       Fruit             |       |       |       |       |    11 ||    11
